 Dungeon Crawl Stone Soup version 0.21.1-1-g345015f (webtiles) character file.

148 Fang the Skirmisher (level 5, -4/33 HPs)
             Began as a Gargoyle Berserker on July 24, 2018.
             Was a Follower of Trog.
             Slain by a river rat (5 damage)
             ... on level 3 of the Dungeon.
             The game lasted 00:02:42 (2259 turns).

Fang the Skirmisher (Gargoyle Berserker)            Turns: 2259, Time: 00:02:43

Health: -4/33      AC:  6    Str: 22    XL:     5   Next: 30%
Magic:  5/5        EV: 12    Int:  7    God:    Trog [*.....]
Gold:   151        SH:  0    Dex:  9    Spells: 4/4 levels left

rFire    . . .     SeeInvis .   a - +0 hand axe
rCold    . . .     Gourm    .   (no shield)
rNeg     + . .     Faith    .   b - +0 animal skin
rPois    ∞         Spirit   .   (no helmet)
rElec    +         Reflect  .   m - scarf {cloud immunity}
rCorr    .         Harm     .   (no gloves)
MR       .....                  (no boots)
Stlth    +.........             (no amulet)
HPRegen  0.11/turn              (no ring)
MPRegen  0.09/turn              (no ring)

@: berserk cooldown, slowed, very slow
A: negative energy resistance 1, electricity resistance, unbreathing,
petrification resistance, rot immunity, AC +4
a: Berserk, Burn Spellbooks, Renounce Religion


You were on level 3 of the Dungeon.
You worshipped Trog.
Trog was aware of your devotion.
You were very hungry.

You visited 1 branch of the dungeon, and saw 3 of its levels.

You collected 151 gold pieces.

Inventory:

Hand Weapons
 a - a +0 hand axe (weapon)
Armour
 b - a +0 animal skin (worn)
 m - a scarf of cloud immunity (worn)
Wands
 s - a wand of disintegration (7)
Scrolls
 d - a scroll of fog {unknown}
 e - a scroll of blinking {unknown}
 g - 4 scrolls of identify {unknown}
 h - a scroll of immolation {unknown}
 i - a scroll of magic mapping {unknown}
 k - a scroll of enchant armour {unknown}
 l - a scroll of remove curse {unknown}
 n - 2 scrolls of fear {unknown}
 p - a scroll of noise {unknown}
 q - 2 scrolls of amnesia {unknown}
Potions
 f - 3 potions of heal wounds {unknown}
 j - a potion of curing {unknown}
 o - a potion of mutation {unknown}
Comestibles
 c - 7 rations
 r - 5 chunks of flesh


   Skills:
 + Level 4.2 Fighting
 + Level 4.1 Axes
 + Level 2.3 Armour
 + Level 2.4 Dodging
 + Level 0.7 Stealth


You had 4 spell levels left.
You didn't know any spells.

Dungeon Overview and Level Annotations

Branches:
Dungeon (3/15)

Altars:
Fedhas

Portals:
Sewer: D:3


Innate Abilities, Weirdness & Mutations

You are resistant to torment.
Your stone body is resilient. (AC +4)
You are immune to poison.
You resist negative energy. (rN+)
You are resistant to electric shocks. (rElec)
You can survive without breathing.
You are immune to petrification.
You are immune to rotting.


Message History

The river rat is heavily wounded.
The river rat misses you. The river rat bites you.
* * * LOW HITPOINT WARNING * * *
You hit the river rat.
The river rat is heavily wounded.
The river rat misses you.
The river rat bites you but does no damage.
You completely miss the river rat.
The river rat is heavily wounded.
The river rat misses you.
You barely miss the river rat.
The river rat is heavily wounded.
The river rat bites you but does no damage.
The river rat barely misses you.
Your unstable footing causes you to fumble your attack.
You hear the rusting of a drain.
The river rat bites you.
* * * LOW HITPOINT WARNING * * *
The river rat bites you.
You die...

....# ##.#.###### #
#.........# #.
#.........# #.
#...≈≈≈(..# #.###
#..≈≈≈≈≈..#
#.#####...###..≈≈∩≈≈..#
............†..≈@r≈≈..#
...$..###.#.....≈≈≈...#
..# #.# #.#.#.........#
..# #.# #.#.#.........#
>.# #.# #.#.##.#.#.####
..###.###...##.....#
))...............###
).......#.########
##.####.#.#


You could see a river rat.

Vanquished Creatures
  An orc wizard (D:3)
  A worker ant (D:3)
  A river rat (D:3)
  4 adders (D:2)
  A dart slug (D:1)
  A leopard gecko (D:1)
  7 orcs (D:3)
  7 bats
  A giant cockroach (D:1)
  5 goblins
  5 hobgoblins
  4 kobolds
  A quokka (D:2)
  3 frilled lizards (D:2)
  3 rats
45 creatures vanquished.

Notes
Turn   | Place    | Note
-------+----------+-------------------------------------------
     0 | D:1      | Fang the Gargoyle Berserker began the quest for the Orb.
     0 | D:1      | Reached XP level 1. HP: 14/14 MP: 1/1
   273 | D:1      | Reached XP level 2. HP: 19/19 MP: 2/2
   754 | D:2      | Reached XP level 3. HP: 12/24 MP: 3/3
  1034 | D:2      | Found a blossoming altar of Fedhas.
  1521 | D:2      | Reached XP level 4. HP: 29/29 MP: 4/4
  2204 | D:3      | Reached XP level 5. HP: 20/33 MP: 5/5
  2234 | D:3      | Found a glowing drain.
  2259 | D:3      | HP: 1/33 [river rat (4)]
  2259 | D:3      | Slain by a river rat

Skill      XL: |  1  2  3  4 |
---------------+-------------+-----
Axes           | 3 4 |  4.1
Fighting       | 4 |  4.2
Dodging        | 2 |  2.4
Armour         | |  2.3
Stealth        | |  0.7

Action                   |  1- 3 |  4- 6 || total
-------------------------+-------+-------++-------
Melee: Hand axe          |    68 |    68 ||   136
Invok: Berserk           |     2 |     1 ||     3
  Eat: Chunk             |     4 |     2 ||     6
Armor: Animal skin       |    39 |    28 ||    67
Dodge: Dodged            |    39 |    60 ||    99
